[Event "6th Porticcio Open 2019"]
[Site "Porticcio"]
[Date "2019.06.29"]
[Round "1.7"]
[White "Lagarde, Maxime"]
[Black "Marie, Maxime"]
[Result "1-0"]
[ECO "B06"]
[WhiteElo "2599"]
[BlackElo "2190"]
[Annotator "RC"]
[PlyCount "47"]
[EventDate "2019.06.23"]
[EventType "swiss"]
[EventCountry "FRA"]
[SourceTitle "playchess.com"]
[Source "ChessBase"]
[SourceQuality "1"]
[TimeControl "5400+30"]

1. e4 g6 2. d4 c6 3. Nf3 Bg7 4. Bd3 d6 5. h3 Nd7 6. c4 e5 7. d5 cxd5 8. cxd5 Ne7 9. Nc3 O-O 10. g4 a6 11. a4 a5 12. Rg1 Nc5 13. Bc2 Kh8 14. h4 h6 15. Be3 Bd7 16. Qd2 Ng8 17. h5 g5 18. Nh2 Qc8 19. f3 Bf6 20. Nf1 Bd8 21. Qe2 Nf6 22. Nd2 Ne8 23. Nc4 Qb8 24. Nb5 1-0

[Event "6th Porticcio Open 2019"]
[Site "Porticcio"]
[Date "2019.06.29"]
[Round "1.8"]
[White "Dev, Shah"]
[Black "Zhigalko, Sergei"]
[Result "0-1"]
[ECO "E52"]
[WhiteElo "2183"]
[BlackElo "2594"]
[Annotator "ChessBase"]
[PlyCount "82"]
[EventDate "2019.06.23"]
[EventType "swiss"]
[EventCountry "FRA"]
[SourceTitle "playchess.com"]
[Source "ChessBase"]
[SourceQuality "1"]
[TimeControl "5400+30"]

1. d4 Nf6 2. c4 e6 3. Nc3 Bb4 4. e3 O-O 5. Bd3 d5 6. Nf3 b6 7. cxd5 exd5 8. O-O Bb7 9. Ne5 Bd6 10. f4 c5 11. Qf3 Nc6 12. Qh3 g6 13. Qh6 Re8 14. Bd2 Bf8 15. Qh3 cxd4 16. Nxc6 Bxc6 17. exd4 Ne4 18. Bxe4 dxe4 19. Be3 Bd7 20. Qg3 Bg7 21. Rfd1 b5 22. Rac1 b4 23. Nb1 Bb5 24. Qf2 Bd3 25. Nd2 Qa5 26. Ra1 Qd5 27. Nb3 Bc4 28. Nc5 Rac8 29. b3 Bb5 30. Qe1 Rb8 31. a4 bxa3 32. Rxa3 a6 33. Ra5 Rb6 34. Qd2 Rd8 35. Qa2 Rbd6 36. Rd2 Qc6 37. Qb2 Bxd4 38. Rxd4 Qxc5 39. b4 Qb6 40. Rd3 exd3 41. Bxb6 d2 0-1

[Event "6th Porticcio Open 2019"]
[Site "Porticcio"]
[Date "2019.06.30"]
[Round "2.6"]
[White "Ternault, Mathieu"]
[Black "Lagarde, Maxime"]
[Result "0-1"]
[ECO "A04"]
[WhiteElo "2318"]
[BlackElo "2599"]
[Annotator "ChessBase"]
[PlyCount "111"]
[EventDate "2019.06.23"]
[EventType "swiss"]
[EventCountry "FRA"]
[SourceTitle "playchess.com"]
[Source "ChessBase"]
[SourceQuality "1"]
[TimeControl "5400+30"]

1. Nf3 c5 2. c4 g6 3. Nc3 Bg7 4. d4 cxd4 5. Nxd4 b6 6. e4 Bb7 7. Be3 d6 8. Qd2 Nd7 9. Rc1 a6 10. Be2 Ngf6 11. f3 O-O 12. O-O Re8 13. Nc2 Rc8 14. b3 Qc7 15. Rfd1 Qb8 16. Nd5 Nxd5 17. exd5 e5 18. dxe6 Rxe6 19. Nd4 Ree8 20. Bf1 Be5 21. Ne2 d5 22. Bf4 Nf6 23. Bxe5 Qxe5 24. Nf4 dxc4 25. Rxc4 b5 26. Rxc8 Rxc8 27. Nd3 Qd6 28. Rc1 Rd8 29. Qf2 Bc8 30. Nc5 Qf4 31. Nd3 Qd6 32. Nc5 Kg7 33. Qb2 h5 34. Ne4 Qb6+ 35. Rc5 Bb7 36. Qxf6+ Qxf6 37. Nxf6 Kxf6 38. Rc7 Bd5 39. Ra7 Rd6 40. Kf2 Be6 41. Ke3 g5 42. Bd3 h4 43. g3 h3 44. Be2 Rc6 45. Kd2 Ke5 46. Ra8 Bf5 47. Bd1 Rd6+ 48. Ke2 Kd4 49. Kd2 Kc5+ 50. Ke2 Kb4 51. Ra7 Be6 52. a4 g4 53. f4 f5 54. Bc2 Bxb3 55. Bxf5 Be6 56. Bc2 0-1

[Event "6th Porticcio Open 2019"]
[Site "Porticcio"]
[Date "2019.06.30"]
[Round "2.7"]
[White "Zhigalko, Sergei"]
[Black "Boyer, Mahel"]
[Result "1-0"]
[ECO "C02"]
[WhiteElo "2594"]
[BlackElo "2295"]
[Annotator "ChessBase"]
[PlyCount "99"]
[EventDate "2019.06.23"]
[EventType "swiss"]
[EventCountry "FRA"]
[SourceTitle "playchess.com"]
[Source "ChessBase"]
[SourceQuality "1"]
[TimeControl "5400+30"]

1. e4 e6 2. d4 d5 3. e5 c5 4. c3 Bd7 5. Nf3 Nc6 6. Be2 cxd4 7. cxd4 Nge7 8. Na3 Nf5 9. Nc2 Be7 10. O-O O-O 11. Bd3 f6 12. Bf4 g5 13. exf6 Bxf6 14. Be5 g4 15. Bxf6 Qxf6 16. Ne5 Nxe5 17. dxe5 Qg5 18. f4 gxf3 19. Rxf3 Kh8 20. Qe2 Nh4 21. Rg3 Qh6 22. Rh3 Qg5 23. Rf1 Ng6 24. Bxg6 Qxg6 25. Nd4 Rxf1+ 26. Qxf1 Qg7 27. Rf3 Rg8 28. Qe2 Qg4 29. Qf2 Qh5 30. Re3 Qg5 31. h3 Qg7 32. Kh2 Rf8 33. Qh4 Rg8 34. Re2 Rf8 35. Re3 Rg8 36. Qg3 Qxg3+ 37. Rxg3 Rc8 38. Rf3 Rc4 39. Rf4 Kg8 40. h4 Rc1 41. h5 Re1 42. Nf3 Re2 43. h6 Be8 44. Kh3 Bg6 45. g4 d4 46. Nxd4 Rxe5 47. Rf6 Bf7 48. Kh4 Re4 49. Nf3 e5 50. Rxf7 1-0

[Event "6th Porticcio Open 2019"]
[Site "Porticcio"]
[Date "2019.06.30"]
[Round "2.8"]
[White "Derakhshani, Borna"]
[Black "Kovchan, Alexander"]
[Result "1/2-1/2"]
[ECO "A01"]
[WhiteElo "2300"]
[BlackElo "2566"]
[Annotator "ChessBase"]
[PlyCount "83"]
[EventDate "2019.06.23"]
[EventType "swiss"]
[EventCountry "FRA"]
[SourceTitle "playchess.com"]
[Source "ChessBase"]
[SourceQuality "1"]
[TimeControl "5400+30"]

1. b3 c5 2. Bb2 d6 3. c4 e5 4. Nc3 g6 5. g3 Bg7 6. Bg2 Ne7 7. e3 Nbc6 8. Nge2 Be6 9. O-O Qd7 10. Nd5 h5 11. Nef4 Bg4 12. f3 Bf5 13. e4 Be6 14. Nxe6 fxe6 15. Bh3 O-O 16. f4 exf4 17. Bxg7 Kxg7 18. gxf4 Nd4 19. Kh1 Qd8 20. Ne3 Nec6 21. Ng2 Kh6 22. Rc1 g5 23. Rc3 gxf4 24. Nxf4 Qh4 25. Ng2 Qe7 26. Nf4 Qh4 27. Ng2 Qxe4 28. Re3 Qc2 29. Qe1 e5 30. Nh4 Ne7 31. Rc3 Rxf1+ 32. Bxf1 Qh7 33. Qe3+ Kg7 34. Qg5+ Kf7 35. Bd3 Qh8 36. Bg6+ Ke6 37. Bxh5 Rg8 38. Bg4+ Kf7 39. Bh5+ Ke6 40. Bg4+ Kf7 41. Bh5+ Ke6 42. Bg4+ 1/2-1/2

[Event "6th Porticcio Open 2019"]
[Site "Porticcio"]
[Date "2019.06.30"]
[Round "3.4"]
[White "Lagarde, Maxime"]
[Black "Kirk, Ezra"]
[Result "1/2-1/2"]
[ECO "B22"]
[WhiteElo "2599"]
[BlackElo "2428"]
[Annotator "ChessBase"]
[PlyCount "100"]
[EventDate "2019.06.23"]
[EventType "swiss"]
[EventCountry "FRA"]
[SourceTitle "playchess.com"]
[Source "ChessBase"]
[SourceQuality "1"]
[TimeControl "5400+30"]

1. e4 c5 2. c3 Nf6 3. e5 Nd5 4. Nf3 Nc6 5. Bc4 Nb6 6. Bb3 c4 7. Bc2 Qc7 8. O-O Nxe5 9. Nxe5 Qxe5 10. a4 d5 11. Re1 Qc7 12. d3 Bf5 13. Na3 cxd3 14. Nb5 Qd7 15. Bb3 a6 16. Nd4 Nc4 17. a5 Rc8 18. Ba4 Rc6 19. Bxc6 bxc6 20. Nxf5 Qxf5 21. Qa4 Qc8 22. Qd1 Qf5 23. b3 Nd6 24. Be3 e5 25. Bd4 f6 26. f4 Ne4 27. fxe5 fxe5 28. Rf1 Qg6 29. Bb6 Nf6 30. Qf3 Bd6 31. Qh3 Ng4 32. Qh4 Kd7 33. c4 e4 34. cxd5 cxd5 35. Kh1 Nxh2 36. Rf4 Qh6 37. Qxh6 gxh6 38. Rh4 Rf8 39. Rxh2 Bxh2 40. Kxh2 Ke6 41. b4 Ke5 42. b5 axb5 43. a6 d4 44. a7 Ra8 45. Kg3 e3 46. Rh1 Rg8+ 47. Kf3 Rf8+ 48. Kg3 Rg8+ 49. Kf3 Rf8+ 50. Kg3 Rg8+ 1/2-1/2

[Event "6th Porticcio Open 2019"]
[Site "Porticcio"]
[Date "2019.06.30"]
[Round "3.5"]
[White "Prithu Gupta"]
[Black "Zhigalko, Sergei"]
[Result "1/2-1/2"]
[ECO "A28"]
[WhiteElo "2470"]
[BlackElo "2594"]
[Annotator "ChessBase"]
[PlyCount "165"]
[EventDate "2019.06.23"]
[EventType "swiss"]
[EventCountry "FRA"]
[SourceTitle "playchess.com"]
[Source "ChessBase"]
[SourceQuality "1"]
[TimeControl "5400+30"]

1. c4 e5 2. Nc3 Nf6 3. Nf3 Nc6 4. e4 d6 5. d4 Bg4 6. d5 Nd4 7. Be2 Bxf3 8. Bxf3 c5 9. dxc6 bxc6 10. Be3 c5 11. O-O Be7 12. b3 O-O 13. g3 Nd7 14. Bg2 Nb6 15. f4 a5 16. a4 Nd7 17. Nd5 Nb6 18. Nc3 Nd7 19. Ra2 Rb8 20. Nb5 Rb7 21. Raf2 Nb8 22. Qh5 Bf6 23. f5 Nd7 24. Rb2 Qe7 25. h4 Ra8 26. Qd1 Ra6 27. Rff2 Qd8 28. Bf1 Be7 29. Bd3 Nf8 30. Rh2 h6 31. Rbg2 Nh7 32. Bf2 Kf8 33. g4 f6 34. Be3 Ra8 35. Rh3 Rab8 36. Bb1 Ke8 37. Bd2 Kd7 38. Qe1 Ra8 39. Rhg3 Rbb8 40. Qd1 Rb7 41. Bd3 Rbb8 42. Bf1 Rb7 43. Rf2 Rbb8 44. Bh3 Kc6 45. Bc3 Kb6 46. Bg2 Ka6 47. Be1 Rb7 48. Rb2 Rab8 49. Bf2 Rb6 50. Bf1 R6b7 51. Qd2 Kb6 52. Be2 Kc6 53. Bd1 Bf8 54. Be1 Ra8 55. Nc3 Be7 56. Nd5 Qb8 57. Qf2 Bd8 58. Bd2 Ra6 59. Qe1 Ra8 60. Qe3 Ra6 61. Qd3 Ra8 62. Be3 Raa7 63. Bf2 Ra8 64. Qb1 Qa7 65. Be2 Rab8 66. Bd1 Nf8 67. Be3 Nh7 68. Nc3 Qb6 69. Nb5 Be7 70. Be2 Qd8 71. Bd3 Kd7 72. Qf1 Kc6 73. Qg2 Kb6 74. Be2 Nc6 75. Bd1 Ka6 76. Rd2 Nd4 77. Bf2 Nf8 78. Rdd3 Nh7 79. Be3 Rb6 80. Bd2 R6b7 81. Qf1 Kb6 82. Nc3 Kc6 83. Nd5 {Kxd5} 1/2-1/2

[Event "6th Porticcio Open 2019"]
[Site "Porticcio"]
[Date "2019.06.30"]
[Round "3.6"]
[White "Rakotomaharo, Fy Antenaina"]
[Black "Sengupta, Deep"]
[Result "1/2-1/2"]
[ECO "A50"]
[WhiteElo "2419"]
[BlackElo "2559"]
[Annotator "ChessBase"]
[PlyCount "105"]
[EventDate "2019.06.23"]
[EventType "swiss"]
[EventCountry "FRA"]
[SourceTitle "playchess.com"]
[Source "ChessBase"]
[SourceQuality "1"]
[TimeControl "5400+30"]

1. d4 Nf6 2. c4 b6 3. Nc3 Bb7 4. Nf3 e6 5. a3 d5 6. Bg5 Be7 7. e3 h6 8. Bh4 Nbd7 9. Rc1 O-O 10. Bd3 dxc4 11. Bxc4 c5 12. O-O Rc8 13. Ba2 cxd4 14. exd4 Ne4 15. Bg3 Nxc3 16. Rxc3 Nf6 17. Ne5 Rxc3 18. bxc3 Qa8 19. f3 Bxa3 20. Re1 Bc8 21. Qc2 Nh5 22. Bh4 Bd6 23. Bb1 f5 24. Ng6 Rf7 25. Ba2 Kh7 26. Bxe6 Bxe6 27. Rxe6 Qd5 28. Qe2 Rc7 29. Be7 Bxe7 30. Nxe7 Qb3 31. Re3 Nf4 32. Qd2 Qf7 33. Re5 Rxe7 34. Qxf4 Rxe5 35. Qxe5 Qf6 36. Qb5 Qe6 37. Kf2 f4 38. Qd3+ Qg6 39. Qd2 Qd6 40. Qd3+ Qg6 41. Qd2 Qd6 42. Qd3+ Kg8 43. Qb5 Qe6 44. Kf1 Kf7 45. Qa6 Qd7 46. Ke2 Ke7 47. Kd2 Kd8 48. Kc2 g5 49. h3 Qf5+ 50. Kb2 Qd7 51. Kc2 Qf5+ 52. Kb2 Qd7 53. Kc2 1/2-1/2

[Event "6th Porticcio Open 2019"]
[Site "Porticcio"]
[Date "2019.06.30"]
[Round "3.7"]
[White "Libiszewski, Fabien"]
[Black "Guichard, Pauline"]
[Result "1/2-1/2"]
[ECO "C55"]
[WhiteElo "2518"]
[BlackElo "2409"]
[Annotator "ChessBase"]
[PlyCount "73"]
[EventDate "2019.06.23"]
[EventType "swiss"]
[EventCountry "FRA"]
[SourceTitle "playchess.com"]
[Source "ChessBase"]
[SourceQuality "1"]
[TimeControl "5400+30"]

1. e4 e5 2. Nf3 Nc6 3. Bc4 Nf6 4. d3 Be7 5. O-O O-O 6. Re1 d6 7. a4 Kh8 8. c3 Ng8 9. d4 f5 10. dxe5 fxe4 11. Rxe4 Rxf3 12. gxf3 Nxe5 13. Rxe5 dxe5 14. Qxd8 Bxd8 15. Nd2 Nf6 16. Ne4 Nxe4 17. fxe4 Bh3 18. f4 Bf6 19. f5 g6 20. fxg6 hxg6 21. Be3 Kg7 22. Rd1 a6 23. a5 Rd8 24. Rxd8 Bxd8 25. Kf2 Kf6 26. b4 Be6 27. Bg5+ Kxg5 28. Bxe6 c5 29. Bc8 cxb4 30. cxb4 Be7 31. Bxb7 Bxb4 32. Bxa6 Bxa5 33. Kf3 Bb4 34. Bc4 Ba5 35. Ba6 Bb4 36. Bc4 Ba5 37. Ba6 1/2-1/2

[Event "6th Porticcio Open 2019"]
[Site "Porticcio"]
[Date "2019.07.01"]
[Round "4.1"]
[White "Donchenko, Alexander"]
[Black "Van Wely, Loek"]
[Result "1-0"]
[ECO "A06"]
[WhiteElo "2618"]
[BlackElo "2604"]
[Annotator "ChessBase"]
[PlyCount "63"]
[EventDate "2019.06.23"]
[EventType "swiss"]
[EventCountry "FRA"]
[SourceTitle "playchess.com"]
[Source "ChessBase"]
[SourceQuality "1"]
[TimeControl "5400+30"]

1. Nf3 d5 2. g3 g6 3. Bg2 Bg7 4. d4 Nf6 5. O-O c6 6. b3 O-O 7. Bb2 a5 8. Nc3 Nbd7 9. e3 b5 10. Re1 Bb7 11. Nd2 Qb6 12. e4 Qxd4 13. exd5 Nxd5 14. Nxd5 Qxb2 15. Rb1 Qxa2 16. Nxe7+ Kh8 17. Ne4 Rad8 18. Nd6 Ne5 19. f4 Rd7 20. fxe5 Rxe7 21. Nxb7 Rxb7 22. Qc1 a4 23. Ra1 axb3 24. Rxa2 bxa2 25. Qa3 b4 26. Qxa2 Re7 27. Qa5 Re6 28. Qxb4 Rfe8 29. Kh1 Kg8 30. Bh3 Rxe5 31. Rxe5 Bxe5 32. Bd7 1-0

[Event "6th Porticcio Open 2019"]
[Site "Porticcio"]
[Date "2019.07.01"]
[Round "4.2"]
[White "Sengupta, Deep"]
[Black "Fedorchuk, Sergey A."]
[Result "1-0"]
[ECO "A45"]
[WhiteElo "2559"]
[BlackElo "2631"]
[Annotator "ChessBase"]
[PlyCount "107"]
[EventDate "2019.06.23"]
[EventType "swiss"]
[EventCountry "FRA"]
[SourceTitle "playchess.com"]
[Source "ChessBase"]
[SourceQuality "1"]
[TimeControl "5400+30"]

1. d4 Nf6 2. Bf4 e6 3. e3 c5 4. Nd2 d5 5. c3 Nc6 6. Bd3 Bd6 7. Bxd6 Qxd6 8. f4 Bd7 9. a3 Ne7 10. Qe2 cxd4 11. cxd4 Qb6 12. Ngf3 Qxb2 13. O-O O-O 14. a4 Qb6 15. Ne5 Rfc8 16. a5 Qd8 17. g4 Be8 18. Rf3 Rc3 19. Rh3 Ng6 20. f5 exf5 21. gxf5 Nf8 22. Kh1 Rac8 23. Rg1 Rc1 24. Nf1 Qe7 25. Qg2 g6 26. Qg5 R8c7 27. Rf3 Ne4 28. Qh6 f6 29. Ng4 R7c6 30. h4 Rd1 31. Be2 Re1 32. Bd3 Bd7 33. Qf4 Kh8 34. Bb5 Rcc1 35. Bxd7 Nxd7 36. fxg6 hxg6 37. Ngh2 Qh7 38. Rh3 Qh5 39. Rg2 Kh7 40. Kg1 Qf5 41. Qxf5 gxf5 42. Rf3 f4 43. Rxf4 Nf8 44. Rf5 Ng6 45. Rxd5 Kh6 46. Rd8 f5 47. Rg8 Rc6 48. h5 Kxh5 49. Nf3 Rxf1+ 50. Kxf1 Rc1+ 51. Ne1 Rc6 52. Nd3 Ng5 53. Nf4+ Nxf4 54. R2xg5+ 1-0

[Event "6th Porticcio Open 2019"]
[Site "Porticcio"]
[Date "2019.07.01"]
[Round "4.3"]
[White "Onischuk, Vladimir"]
[Black "Cornette, Matthieu"]
[Result "1-0"]
[ECO "C00"]
[WhiteElo "2630"]
[BlackElo "2548"]
[Annotator "ChessBase"]
[PlyCount "81"]
[EventDate "2019.06.23"]
[EventType "swiss"]
[EventCountry "FRA"]
[SourceTitle "playchess.com"]
[Source "ChessBase"]
[SourceQuality "1"]
[TimeControl "5400+30"]

1. e4 e6 2. d4 d5 3. Bd3 dxe4 4. Bxe4 Nf6 5. Bf3 c5 6. Ne2 Be7 7. Nbc3 O-O 8. d5 exd5 9. Nxd5 Nxd5 10. Qxd5 Nc6 11. Qxd8 Rxd8 12. Bxc6 bxc6 13. Bd2 Bh4 14. Ng3 Re8+ 15. Be3 Bg4 16. Kd2 Rad8+ 17. Kc1 c4 18. a4 a6 19. a5 Bxg3 20. hxg3 Be6 21. Bb6 Rd5 22. Re1 Kf8 23. Ra3 Bg4 24. Rh1 Rh5 25. Rg1 Rhe5 26. Be3 Rd5 27. Ra4 Red8 28. b3 Rd1+ 29. Rxd1 Rxd1+ 30. Kb2 Be6 31. bxc4 Ke7 32. Rb4 Kd6 33. c5+ Kd5 34. Rb6 Bc8 35. Rb8 Bg4 36. Rb7 Bh5 37. g4 Bxg4 38. Rxf7 Re1 39. c4+ Ke5 40. Rxg7 h5 41. Ra7 {[%emt 0:02:08] Kd5} 1-0

[Event "6th Porticcio Open 2019"]
[Site "Porticcio"]
[Date "2019.07.01"]
[Round "4.5"]
[White "Vocaturo, Daniele"]
[Black "Yankelevich, Lev"]
[Result "0-1"]
[ECO "C42"]
[WhiteElo "2612"]
[BlackElo "2484"]
[Annotator "ChessBase"]
[PlyCount "86"]
[EventDate "2019.06.23"]
[EventType "swiss"]
[EventCountry "FRA"]
[SourceTitle "playchess.com"]
[Source "ChessBase"]
[SourceQuality "1"]
[TimeControl "5400+30"]

1. e4 e5 2. Nf3 Nf6 3. Nxe5 d6 4. Nf3 Nxe4 5. Nc3 Nxc3 6. dxc3 Be7 7. Be3 O-O 8. Qd2 Nd7 9. O-O-O c6 10. Kb1 Re8 11. h4 d5 12. Bd3 Bc5 13. Bg5 f6 14. Bf4 Bf8 15. Rhe1 Nc5 16. Nd4 Nxd3 17. Qxd3 Bg4 18. f3 Bh5 19. Ne6 Qd7 20. Nxf8 Rxf8 21. c4 Bf7 22. b3 Rfe8 23. Qd4 a6 24. Kb2 h5 25. cxd5 Qxd5 26. Qb6 Qf5 27. Qc7 Rec8 28. Qd6 Re8 29. Qc7 Rec8 30. Qd6 Re8 31. Rxe8+ Rxe8 32. Rd2 c5 33. Qc7 Be6 34. g3 b5 35. Qc6 Rc8 36. Qxa6 c4 37. Re2 Bf7 38. Qd6 Kh7 39. bxc4 bxc4 40. Qb4 c3+ 41. Ka1 Rc4 42. Qb6 Qd5 43. Re1 Re4 0-1

[Event "6th Porticcio Open 2019"]
[Site "Porticcio"]
[Date "2019.07.01"]
[Round "4.6"]
[White "Guichard, Pauline"]
[Black "Lagarde, Maxime"]
[Result "0-1"]
[ECO "A10"]
[WhiteElo "2409"]
[BlackElo "2599"]
[Annotator "ChessBase"]
[PlyCount "112"]
[EventDate "2019.06.23"]
[EventType "swiss"]
[EventCountry "FRA"]
[SourceTitle "playchess.com"]
[Source "ChessBase"]
[SourceQuality "1"]
[TimeControl "5400+30"]

1. c4 f5 2. Nc3 Nf6 3. g3 g6 4. Bg2 Bg7 5. d3 d6 6. e3 O-O 7. Nge2 e5 8. O-O Nc6 9. Rb1 Be6 10. Nd5 Bf7 11. Nec3 Qd7 12. b4 Nxd5 13. Nxd5 Nd8 14. b5 Ne6 15. f4 Rfe8 16. Qc2 Rac8 17. Nc3 c6 18. bxc6 bxc6 19. fxe5 dxe5 20. Ba3 Red8 21. Rfd1 g5 22. Na4 Bh5 23. Rd2 f4 24. Nc5 Nxc5 25. Bxc5 Bg6 26. e4 g4 27. Rdd1 h5 28. Qf2 Rf8 29. d4 fxg3 30. Qxg3 exd4 31. Bxf8 Rxf8 32. Rb8 Rxb8 33. Qxb8+ Kh7 34. c5 Qe7 35. Qd6 Qg5 36. Re1 Be5 37. Qd7+ Kh6 38. Rf1 Qh4 39. h3 Qg3 40. hxg4 hxg4 41. Rf2 d3 42. Qd8 Qe3 43. Qf8+ Bg7 44. Qf4+ Qxf4 45. Rxf4 d2 46. Rf1 Bd4+ 47. Kh2 Bf2 48. Rd1 Be1 49. Kg1 Kg5 50. Kf1 Kf4 51. e5 Bd3+ 52. Kg1 Kxe5 53. Bf1 Kd4 54. Ra1 Bxf1 55. Kxf1 Kc3 56. Ke2 Kb2 0-1

[Event "6th Porticcio Open 2019"]
[Site "Porticcio"]
[Date "2019.07.01"]
[Round "4.7"]
[White "Zhigalko, Sergei"]
[Black "Rakotomaharo, Fy Antenaina"]
[Result "1-0"]
[ECO "C92"]
[WhiteElo "2594"]
[BlackElo "2419"]
[Annotator "ChessBase"]
[PlyCount "111"]
[EventDate "2019.06.23"]
[EventType "swiss"]
[EventCountry "FRA"]
[SourceTitle "playchess.com"]
[Source "ChessBase"]
[SourceQuality "1"]
[TimeControl "5400+30"]

1. e4 e5 2. Nf3 Nc6 3. Bb5 a6 4. Ba4 Nf6 5. O-O Be7 6. Re1 b5 7. Bb3 d6 8. c3 O-O 9. h3 Bb7 10. d4 Re8 11. Nbd2 Bf8 12. a3 h6 13. Bc2 d5 14. dxe5 Nxe5 15. Nxe5 Rxe5 16. Nf3 Re8 17. e5 Ne4 18. Bf4 g6 19. Bxe4 dxe4 20. Nd2 f5 21. exf6 Qxf6 22. Qg4 Rad8 23. Nf1 Bc8 24. Qg3 c5 25. Rad1 Bf5 26. Bc7 Rxd1 27. Rxd1 b4 28. Ne3 bxa3 29. bxa3 Bg7 30. Rd5 Qxc3 31. Nxf5 gxf5 32. Qg6 Rf8 33. Be5 Qc1+ 34. Kh2 Qg5 35. Qe6+ Kh8 36. Rxc5 Bxe5+ 37. Qxe5+ Qf6 38. Qf4 Qg5 39. Qd6 Qf6 40. Qd5 Qf7 41. Qd4+ Qf6 42. Re5 Rf7 43. Qd5 Kg7 44. Re6 Qb2 45. Rxa6 Qb8+ 46. g3 Qb2 47. Qc5 f4 48. gxf4 Rxf4 49. Qc7+ Rf7 50. Qg3+ Kf8 51. Qd6+ Re7 52. Qxh6+ Ke8 53. Qc6+ Kf8 54. Qc8+ Kg7 55. Qg4+ Kh8 56. Ra8+ 1-0

[Event "6th Porticcio Open 2019"]
[Site "Porticcio"]
[Date "2019.07.01"]
[Round "4.8"]
[White "Kirk, Ezra"]
[Black "Kovchan, Alexander"]
[Result "1/2-1/2"]
[ECO "B52"]
[WhiteElo "2428"]
[BlackElo "2566"]
[Annotator "ChessBase"]
[PlyCount "156"]
[EventDate "2019.06.23"]
[EventType "swiss"]
[EventCountry "FRA"]
[SourceTitle "playchess.com"]
[Source "ChessBase"]
[SourceQuality "1"]
[TimeControl "5400+30"]

1. e4 c5 2. Nf3 d6 3. Bb5+ Bd7 4. c4 g6 5. Nc3 Bg7 6. d4 cxd4 7. Nxd4 Nf6 8. Be3 O-O 9. Bxd7 Nbxd7 10. O-O a6 11. Rc1 Rc8 12. b3 e6 13. Nde2 Nc5 14. f3 Qa5 15. Rb1 Qc7 16. Qd2 Rfd8 17. Rfd1 Qe7 18. Kh1 Qe8 19. a4 b6 20. Bg5 Nb7 21. Qf4 Qe7 22. Qh4 Nc5 23. Ng3 Ncd7 24. e5 Nxe5 25. Nce4 Ned7 26. Rxd6 h6 27. Bxh6 Bxh6 28. Qxh6 Ne8 29. Rd2 Nf8 30. Rbd1 f5 31. Nf2 Rxd2 32. Qxd2 a5 33. Ne2 Rc7 34. Qe3 Qc5 35. Qxc5 bxc5 36. Nd3 Nd7 37. Nc3 g5 38. Re1 Kf7 39. f4 gxf4 40. Nxf4 e5 41. Nfd5 Rc8 42. Ne3 Ke6 43. Rd1 Nef6 44. Nb5 Ne4 45. Kg1 Ndf6 46. Nd5 Ne8 47. Nbc3 Nxc3 48. Nxc3 Nf6 49. h3 f4 50. Re1 Rg8 51. Kf2 Rg3 52. Ne2 Ne4+ 53. Kf1 Nd2+ 54. Kf2 Ne4+ 55. Kf1 Re3 56. Nxf4+ exf4 57. Rxe3 fxe3 58. Ke2 Nd2 59. Kxe3 Nxb3 60. g4 Nd4 61. h4 Nc6 62. h5 Ne5 63. g5 Nxc4+ 64. Kf4 Ne5 65. Ke4 Nd7 66. Kf4 Ne5 67. Ke4 Nd7 68. Kf4 Nb6 69. Ke4 Nxa4 70. h6 Nc3+ 71. Kd3 Nd5 72. h7 Nf4+ 73. Kc4 Ng6 74. Kxc5 Kf7 75. Kb5 Kg7 76. Kxa5 Kxh7 77. Ka4 Ne5 78. g6+ Kxg6 1/2-1/2

[Event "6th Porticcio Open 2019"]
[Site "Porticcio"]
[Date "2019.07.02"]
[Round "5.2"]
[White "Lagarde, Maxime"]
[Black "Libiszewski, Fabien"]
[Result "1-0"]
[ECO "C11"]
[WhiteElo "2599"]
[BlackElo "2518"]
[Annotator "ChessBase"]
[PlyCount "91"]
[EventDate "2019.06.23"]
[EventType "swiss"]
[EventCountry "FRA"]
[SourceTitle "playchess.com"]
[Source "ChessBase"]
[SourceQuality "1"]
[TimeControl "5400+30"]

1. e4 e6 2. d4 d5 3. Nc3 Nf6 4. e5 Nfd7 5. Nce2 c5 6. c3 Nc6 7. f4 cxd4 8. cxd4 f5 9. Nf3 Be7 10. Nc3 Nb6 11. Bd3 Bd7 12. h3 O-O 13. g4 Be8 14. a3 a5 15. Ne2 a4 16. gxf5 Bh4+ 17. Kf1 exf5 18. Be3 Na5 19. Bf2 Bxf2 20. Kxf2 Nb3 21. Ng3 Nxa1 22. Qxa1 Nc4 23. Re1 g6 24. h4 Rc8 25. Re2 Qb6 26. h5 Rc7 27. hxg6 hxg6 28. Kg2 Na5 29. Qg1 Nb3 30. Re1 Bb5 31. Bb1 Rfc8 32. e6 Be8 33. e7 Rc1 34. Nxf5 gxf5 35. Bxf5 Rxe1 36. Qxe1 Rc6 37. Qe5 Rd6 38. Ng5 Rh6 39. Ne6 Rxe6 40. Bxe6+ Kh7 41. Qf5+ Bg6 42. Qxg6+ Kxg6 43. e8=Q+ Kh6 44. Qf8+ Kh5 45. Qf5+ Kh6 46. Qf6+ 1-0

[Event "6th Porticcio Open 2019"]
[Site "Porticcio"]
[Date "2019.07.02"]
[Round "5.3"]
[White "Yankelevich, Lev"]
[Black "Zhigalko, Sergei"]
[Result "1/2-1/2"]
[ECO "B33"]
[WhiteElo "2484"]
[BlackElo "2594"]
[Annotator "ChessBase"]
[PlyCount "58"]
[EventDate "2019.06.23"]
[EventType "swiss"]
[EventCountry "FRA"]
[SourceTitle "playchess.com"]
[Source "ChessBase"]
[SourceQuality "1"]
[TimeControl "5400+30"]

1. e4 c5 2. Nf3 Nc6 3. d4 cxd4 4. Nxd4 Nf6 5. Nc3 e5 6. Ndb5 d6 7. Bg5 a6 8. Na3 b5 9. Nd5 Be7 10. Bxf6 Bxf6 11. c3 Bg5 12. Nc2 Ne7 13. h4 Bh6 14. a4 bxa4 15. Ncb4 O-O 16. Qxa4 a5 17. Bb5 Nxd5 18. Nxd5 Be6 19. Bc6 Rb8 20. b4 axb4 21. cxb4 Kh8 22. b5 Bxd5 23. Bxd5 Qb6 24. Bc6 Be3 25. fxe3 Qxe3+ 26. Kd1 Qd3+ 27. Ke1 Qe3+ 28. Kd1 Qd3+ 29. Ke1 Qe3+ 1/2-1/2

[Event "6th Porticcio Open 2019"]
[Site "Porticcio"]
[Date "2019.07.02"]
[Round "5.4"]
[White "Prithu Gupta"]
[Black "Sengupta, Deep"]
[Result "1-0"]
[ECO "A14"]
[WhiteElo "2470"]
[BlackElo "2559"]
[Annotator "ChessBase"]
[PlyCount "107"]
[EventDate "2019.06.23"]
[EventType "swiss"]
[EventCountry "FRA"]
[SourceTitle "playchess.com"]
[Source "ChessBase"]
[SourceQuality "1"]
[TimeControl "5400+30"]

1. c4 e6 2. g3 d5 3. Bg2 Nf6 4. Nf3 Be7 5. O-O O-O 6. b3 d4 7. e3 c5 8. Ne5 Nfd7 9. exd4 cxd4 10. Nxd7 Qxd7 11. d3 Nc6 12. Na3 b6 13. Nc2 Bb7 14. Bb2 Rad8 15. f4 a5 16. a3 Rfe8 17. Qd2 f5 18. Rfe1 Bf6 19. Re2 Nb8 20. Bxb7 Qxb7 21. Rae1 Kf7 22. b4 b5 23. cxb5 a4 24. g4 g6 25. gxf5 gxf5 26. Rg2 Rg8 27. Ree2 Qxb5 28. Ne1 Nc6 29. Rxg8 Rxg8+ 30. Rg2 Rxg2+ 31. Qxg2 Bh4 32. Nf3 Qxd3 33. b5 Qb1+ 34. Qf1 Qxb2 35. bxc6 Bd8 36. Qc4 Qb3 37. c7 Qxc4 38. cxd8=Q Qc1+ 39. Kg2 Qxf4 40. Qxd4 Qb8 41. Qxa4 Qb2+ 42. Kh3 Qc3 43. Qa7+ Kg6 44. Qg1+ Kf7 45. Qg3 Kf6 46. a4 h6 47. Qf4 Ke7 48. Kg3 Qg7+ 49. Kf2 Qb2+ 50. Qd2 Qa3 51. a5 Qa4 52. Nd4 Kf7 53. Qe3 Qa2+ 54. Ke1 1-0

[Event "6th Porticcio Open 2019"]
[Site "Porticcio"]
[Date "2019.07.02"]
[Round "5.5"]
[White "Kovchan, Alexander"]
[Black "Debray, Christopher"]
[Result "1/2-1/2"]
[ECO "C42"]
[WhiteElo "2566"]
[BlackElo "2352"]
[Annotator "ChessBase"]
[PlyCount "81"]
[EventDate "2019.06.23"]
[EventType "swiss"]
[EventCountry "FRA"]
[SourceTitle "playchess.com"]
[Source "ChessBase"]
[SourceQuality "1"]
[TimeControl "5400+30"]

1. e4 e5 2. Nf3 Nf6 3. Nxe5 d6 4. Nf3 Nxe4 5. d4 d5 6. Bd3 Nc6 7. O-O Bg4 8. c3 Bd6 9. Re1 f5 10. Nbd2 O-O 11. Qb3 Kh8 12. h3 Bh5 13. Qxb7 Rf6 14. Kf1 Bf4 15. Nxe4 fxe4 16. Bxf4 Rxf4 17. Qxc6 exd3 18. Re3 Rf6 19. Qb5 Bxf3 20. gxf3 d2 21. Qd3 Qd7 22. Ke2 Qxh3 23. Kxd2 Raf8 24. Rae1 h6 25. Ke2 Qg2 26. b4 h5 27. Kd2 Rxf3 28. Rxf3 Qxf3 29. Qxf3 Rxf3 30. Re5 g6 31. Ke2 Rxc3 32. Rxd5 Ra3 33. Rd8+ Kg7 34. Rd7+ Kf6 35. Rxc7 Rxa2+ 36. Kf3 g5 37. Rc6+ Kf5 38. Rc5+ Kf6 39. Rc6+ Kf5 40. Rc5+ Kf6 41. Rc6+ {[%emt 0:00:04] Ke5 Ke4+} 1/2-1/2